 Dungeon Crawl Stone Soup version 0.28.0-45-g0d030f2227 (webtiles) character file.

Game seed: 10153409771079574878

65 MisterFreud the Changer (level 3, -1/28 HPs)
             Began as a Draconian Transmuter on Apr 14, 2022.
             Slain by a water moccasin skeleton (2 damage)
             ... on level 2 of the Dungeon.
             The game lasted 00:01:26 (2072 turns).

MisterFreud the Changer (Draconian Transmuter)      Turns: 2072, Time: 00:01:27

Health: -1/28      AC:  5    Str: 12    XL:     3   Next: 92%
Magic:  6/6        EV: 12    Int: 15    God:
Gold:   35         SH:  0    Dex: 11    Spells: 5/6 levels left

rFire   . . .      SeeInvis .     - Unarmed
rCold   . . .      Faith    .   (no shield)
rNeg    . . .      Spirit   .   (armour unavailable)
rPois   .          Reflect  .   (helmet restricted)
rElec   .          Harm     .   (no cloak)
rCorr   .          Rampage  .   (no gloves)
Will    .....                   (no boots)
Stlth   +.........              (no amulet)
HPRegen 0.09/turn               (no ring)
MPRegen 0.10/turn               (no ring)

@: no status effects
A: AC +5, unfitting armour, cold-blooded
a: no special abilities


You were on level 2 of the Dungeon.
You visited 1 branch of the dungeon, and saw 2 of its levels.

You collected 35 gold pieces.

Inventory:

Scrolls
 a - 3 scrolls of identify {unknown}
 c - a scroll of teleportation {unknown}
Potions
 b - 2 potions of curing {unknown}
 d - a potion of might {unknown}


   Skills:
 - Level 1.5 Fighting
 - Level 2.0 Dodging
 - Level 3.1 Unarmed Combat
 - Level 2.2 Spellcasting
 + Level 3.7 Transmutations


You had 5 spell levels left.
You knew the following spells:

 Your Spells              Type           Power      Damage    Failure   Level
a - Beastly Appendage     Tmut           24%        N/A       4%          1

Your spell library contained the following spells:

 Spells                   Type           Power      Damage    Failure   Level
 Wereblood                Tmut           12%        N/A       7%          2
 Passwall                 Tmut/Erth      5%         N/A       16%         2
 Spider Form              Tmut/Pois      7%         N/A       30%         3
 Blink                    Tloc           2%         N/A       32%         2
 Ensorcelled Hibernation  Hex/Ice        2%         N/A       32%         2
 Lesser Beckoning         Tloc           1%         N/A       54%         3
 Swiftness                Air            1%         N/A       54%         3
 Ice Form                 Ice/Tmut       7%         N/A       71%         4
 Manifold Assault         Tloc           1%         N/A       99%         5


Dungeon Overview and Level Annotations

Branches:
Dungeon (2/15)

Altars:


Innate Abilities, Weirdness & Mutations

Your plain brown scales are hard. (AC +5)
You cannot fit into any form of body armour.
You are cold-blooded and may be slowed by cold attacks.


Message History

The water moccasin skeleton bites you but does no damage.
You hit the water moccasin skeleton.
You tail-slap the water moccasin skeleton.
The water moccasin skeleton is severely damaged.
The water moccasin skeleton misses you.
You hit the water moccasin skeleton but do no damage.
The water moccasin skeleton is severely damaged.
The water moccasin skeleton barely misses you.
The water moccasin skeleton closely misses you.
You hit the water moccasin skeleton.
The water moccasin skeleton is severely damaged.
The water moccasin skeleton bites you.
You closely miss the water moccasin skeleton.
Your punch misses the water moccasin skeleton.
The water moccasin skeleton is severely damaged.
The water moccasin skeleton bites you.
You hit the water moccasin skeleton.
The water moccasin skeleton is severely damaged.
The water moccasin skeleton closely misses you.
You hit the water moccasin skeleton.
The water moccasin skeleton is almost destroyed.
The water moccasin skeleton bites you.
You hit the water moccasin skeleton.
The water moccasin skeleton is almost destroyed.
The water moccasin skeleton bites you.
You completely miss the water moccasin skeleton.
The water moccasin skeleton is almost destroyed.
The water moccasin skeleton bites you.
* * * LOW HITPOINT WARNING * * *
You closely miss the water moccasin skeleton.
The water moccasin skeleton is almost destroyed.
The water moccasin skeleton bites you.
* * * LOW HITPOINT WARNING * * *
You closely miss the water moccasin skeleton.
The water moccasin skeleton is almost destroyed.
The water moccasin skeleton closely misses you.
You barely miss the water moccasin skeleton.
The water moccasin skeleton is almost destroyed.
The water moccasin skeleton bites you.
You die...

.....#...........#
.....#...........#
.....#...†.......#
..<..#.#.#.......######.
........................
####.#.#.##......######.
.....#.........#
.....#######+###.#
.....# #@# #..... #Z#
#..... #..$.!.....
...... #.#.######. #...
#.#.. . ... #. .... # #
.... # g.##.##.#.....


You could see a water moccasin skeleton.

Vanquished Creatures
  2 gnolls (D:2)
  An adder (D:2)
  A worm (D:2)
  3 endoplasms
  2 giant cockroaches
  6 hobgoblins
  3 kobolds
  2 quokkas
  3 ball pythons (D:1)
  4 bats
  A frilled lizard (D:1)
  5 rats
33 creatures vanquished.

Notes
Turn   | Place    | Note
-------+----------+-------------------------------------------
     0 | D:1      | MisterFreud the Draconian Transmuter began the quest for
                  | the Orb.
     0 | D:1      | Reached XP level 1. HP: 16/16 MP: 3/3
   314 | D:1      | Reached XP level 2. HP: 21/23 MP: 3/5
   472 | D:1      | Found a faded altar of an unknown god.
   472 | D:1      | Noticed an Executioner
  1413 | D:2      | Reached XP level 3. HP: 22/28 MP: 4/6
  2070 | D:2      | HP: 1/28 [water moccasin skeleton (5)]
  2072 | D:2      | Slain by a water moccasin skeleton

Illustrated notes

Levels and vault maps discovered:
D:1:      tarquinn_simple_flora_water_d, layout_basic,
          dreamdust_ecumenical_altar_sealed_demon
D:2:      layout_basic

Skill      XL: |  1  2  3 |
---------------+----------+-----
Dodging        | 2 |  2.0
Transmutations | 3 |  3.7
Fighting       | |  1.5
Unarmed Combat | |  3.1
Spellcasting   | |  2.2

Action                   || total
-------------------------++-------
Melee: Unarmed           ||   103
       Kick              ||    17
       Tailslap          ||     9
       Punch             ||     2
       Headbutt          ||     6
 Cast: Beastly Appendage ||    24
Armor: Skin              ||    41
Dodge: Dodged            ||    69
